 Dungeon Crawl Stone Soup version 0.27-a0-909-g0721f309d1 (webtiles) character file.

Game seed: 13004113204702350514

322 CovertPenguin the Slasher (level 6, -5/45 HPs)
             Began as a Palentonga Abyssal Knight on Apr 8, 2021.
             Was a Believer of Lugonu.
             Splashed by a jelly's acid (11 damage)
             ... on level 4 of the Dungeon.
             The game lasted 00:07:38 (3319 turns).

CovertPenguin the Slasher (PaAK)                    Turns: 3319, Time: 00:07:39

Health: -5/45      AC:  4    Str: 14 (15) XL:     6   Next: 22%
Magic:  7/7        EV:  9    Int: 13      God:    Lugonu [**....]
Gold:   197        SH:  0    Dex:  9      Spells: 5/5 levels left

rFire    . . .     SeeInvis +   a - +1 falchion
rCold    . . .     Faith    .   (no shield)
rNeg     . . .     Spirit   .   b - +0 leather armour
rPois    .         Reflect  .   h - +2 hat
rElec    .         Harm     .   (no cloak)
rCorr    .         Rampage  .   (no gloves)
Will     .....                  (no barding)
Stlth    +.........             (no amulet)
HPRegen  0.15/turn              f - +4 ring of protection
MPRegen  0.10/turn              (no ring)

@: mighty, corroded
A: large, rugged brown scales 3, see invisible, deformed body, roll 1, armoured
tail, iridescent scales 1, frail 1, weak 1
a: Rolling Charge, Renounce Religion, Depart the Abyss, Bend Space


You were on level 4 of the Dungeon.
You worshipped Lugonu.
Lugonu was pleased with you.
You visited 1 branch of the dungeon, and saw 4 of its levels.
You visited the Abyss 1 time.
You also visited: Sewer.

You collected 197 gold pieces.

Inventory:

Hand Weapons
 a - a +1 falchion (weapon)
Missiles
 i - 6 datura-tipped darts
 k - 78 stones
Armour
 b - a +0 leather armour (worn)
 h - a +2 hat (worn)
   (You found it in a sewer)
 o - +0 steam dragon scales
   (You found it on level 4 of the Dungeon)
Jewellery
 f - a +4 ring of protection (left hand)
   (You found it on level 1 of the Dungeon)
Scrolls
 c - a scroll of noise {unknown}
 j - a scroll of amnesia
 l - a scroll of fog {unknown}
 m - 4 scrolls of teleportation {@r4}
 n - a scroll of blinking
Potions
 d - a potion of resistance {unknown}
 e - a potion of degeneration {!q}
 g - a potion of curing {@q1}
 p - 3 potions of flight


   Skills:
 - Level 3.0 Fighting
 * Level 6.7 Long Blades
 - Level 1.5 Armour
 - Level 0.7 Dodging
 - Level 2.0 Invocations


You had 5 spell levels left.
You didn't know any spells.
Your spell library was empty.

Dungeon Overview and Level Annotations

Branches:
Dungeon (4/15)              Sewer (visited)
 Temple: D:4-7

Altars:

Shops:
D:2 =


Innate Abilities, Weirdness & Mutations

You are completely covered in rugged brown scales. (AC +3, +7% HP)
You have supernaturally acute eyesight. (SInv)
Armour fits poorly on your strangely shaped body.
You can roll at nearby foes to attack.
You have a long armoured tail.
You are partially covered in iridescent scales. (AC +2)
You are frail. (-10% HP)
You are weak. (Str -2)


Message History

There was something very wrong with that liquid.
You feel weakened.
You feel dopey.
You feel clumsy.
e - a potion of degeneration;
c - a scroll labelled KIUNLE BEUREY The steam dragon barely misses you.
You riposte.
You hit the steam dragon. The steam dragon closely misses you.
It was a potion of might.
You feel very mighty all of a sudden.
The steam dragon bites you but does no damage.
The steam dragon closely misses you.
You hit the steam dragon. The steam dragon breathes steam at you.
The ball of steam misses you.
You hit the steam dragon. You tail-slap the steam dragon.
You kill the steam dragon!
Lugonu accepts your kill.
The steam dragon scales are intact enough to wear.
You are engulfed in a cloud of scalding steam.
* * * LOW HITPOINT WARNING * * *
You feel your intelligence returning.
You feel your dexterity returning.
Your Long Blades skill increases to level 6!
A jelly comes into view.
A scorpion comes into view.
Things that are here:
+0 steam dragon scales; a steam dragon corpse o - +0 steam dragon scales The scorpion closely misses you.
You slash the scorpion! The scorpion closely misses you.
You completely miss the scorpion. The scorpion stings you.
* * * LOW HITPOINT WARNING * * *
You slash the scorpion!
Your tail-slap misses the scorpion.
The scorpion barely misses you.
You riposte.
You barely miss the scorpion. You hit the scorpion but do no damage.
Your tail-slap misses the scorpion.
The scorpion stings you but does no damage.
You slash the scorpion!
You kill the scorpion!
Lugonu accepts your kill.
You have reached level 6!
Your experience leads to an increase in your attributes!
Your base attributes are Str 16, Int 13, Dex 9.
Increase (S)trength, (I)ntelligence, or (D)exterity?
You feel stronger.
You hit the jelly.
Your hands burn!
* * * LOW HITPOINT WARNING * * *
The jelly hits you but does no damage.
You completely miss the jelly. The jelly hits you but does no damage.
You slash the jelly! The acid corrodes you!
Your hands burn!
* * * LOW HITPOINT WARNING * * *
The jelly hits you.
* * * LOW HITPOINT WARNING * * *
The acid corrodes you!
You are splashed with acid!
You die...

.........# ...
........##...
#...........
#...........
.####........# .
..J....†.)#### ##..
.#######....# #......
######....###......
..........J@...?...
######....###......#
.......!..#....###.#
#.........#.###...>#
#...............######
#.........#.##.......#
#.##+######.##..####.#
. #.##.## #.##.#####


You could see a jelly.

Vanquished Creatures
  A steam dragon (D:4)
  A scorpion (D:4)
  5 adders
  An adder skeleton (D:4)
  4 worms
  A dart slug (D:2)
  An orc (D:3)
  5 endoplasms
  5 giant cockroaches
  7 goblins
  5 hobgoblins
  4 jackals (Sewer)
  4 quokkas (D:3)
  3 ball pythons
  11 bats
  7 frilled lizards
  4 kobolds
  2 rats (D:2)
71 creatures vanquished.

Vanquished Creatures (collateral kills)
  A goblin (D:3)
1 creature vanquished.

Vanquished Creatures (others)
  An adder (D:4)
1 creature vanquished.

Grand Total: 73 creatures vanquished

Notes
Turn   | Place    | Note
-------+----------+-------------------------------------------
     0 | Abyss:1  | CovertPenguin the Palentonga Abyssal Knight began the quest
                  | for the Orb.
     0 | Abyss:1  | Reached XP level 1. HP: 19/19 MP: 2/2
    93 | Abyss:1  | Noticed a wraith
    94 | D:1      | Escaped the Abyss
   155 | D:1      | Reached * piety under Lugonu
   263 | D:1      | Found a faded altar of an unknown god.
   280 | D:1      | Reached XP level 2. HP: 25/25 MP: 3/3
   331 | D:1      | Reached skill level 3 in Long Blades
  1200 | D:2      | Reached XP level 3. HP: 31/31 MP: 4/4
  1726 | D:2      | Reached skill level 4 in Long Blades
  1871 | D:2      | Found Finoila's Jewellery Emporium.
  1965 | D:3      | Reached ** piety under Lugonu
  2006 | D:3      | Reached XP level 4. HP: 32/37 MP: 5/5
  2241 | D:3      | Found a glowing drain.
  2259 | Sewer    | Entered a sewer
  2660 | Sewer    | Gained mutation: You are frail. (-10% HP) [potion of
                  | mutation]
  2660 | Sewer    | Gained mutation: You are weak. (Str -2) [potion of
                  | mutation]
  2660 | Sewer    | Gained mutation: You are partially covered in iridescent
                  | scales. (AC +2) [potion of mutation]
  2768 | Sewer    | Reached skill level 5 in Long Blades
  3287 | D:4      | Noticed a steam dragon
  3292 | D:4      | Reached XP level 5. HP: 34/39 MP: 6/6
  3303 | D:4      | Killed a steam dragon
  3304 | D:4      | Reached skill level 6 in Long Blades
  3316 | D:4      | Reached XP level 6. HP: 15/45 MP: 7/7
  3319 | D:4      | Splashed by a jelly's acid

Illustrated notes

Levels and vault maps discovered:
D:1:      dpeg_arrival_round_a, layout_basic, basic_ecumenical_altar,
          minmay_statues_item
D:2:      wander_river, layout_loops_cross, serial_shops, nicolae_shop_trees
D:3:      layout_basic, gup_sewer_entry_pipe, chequers_serial_rivers_room_b,
          minivault_26
D:4:      layout_basic, grunt_temple_overflow_opulence, lemuel_tele_altar,
          uniq_duvessa

Skill      XL: |  1  2  3  4  5 |
---------------+----------------+-----
Long Blades    | 3 4 5 6 |  6.7
Fighting       | |  3.0
Armour         | |  1.5
Dodging        | |  0.7
Invocations    | |  2.0

Action                   |  1- 3 |  4- 6 || total
-------------------------+-------+-------++-------
Melee: Falchion          |    82 |   101 ||   183
       Tailslap          |    11 |     8 ||    19
Invok: Depart the Abyss  |     1 |       ||     1
 Abil: Rolling Charge    |    11 |     9 ||    20
  Use: Scroll            |     4 |       ||     4
       Potion            |       |     8 ||     8
Armor: Leather armour    |    34 |    71 ||   105
Dodge: Dodged            |    37 |    55 ||    92
       Rpst.: Falchion   |    13 |    20 ||    33

Table legend: (Time is in decaauts)
 A = Elapsed time spent in this place.
 B = Non-inter-level travel time spent in this place.
 C = Inter-level travel time spent in this place.
 D = Time resting spent in this place.
 E = Time spent auto-exploring this place.
 F = Levels seen in this place.
 G = Mean time per level.
                   A        B        C        D        E       F      G
               +--------+--------+--------+--------+--------+-----+--------+
         Total |   3496 |   3356 |    140 |    265 |   2479 |   6 |  582.7 |
       Dungeon |   2434 |   2294 |    140 |    265 |   1690 |   4 |  608.5 |
         Abyss |     95 |     95 |      0 |      0 |     91 |   1 |   95.0 |
         Sewer |    965 |    965 |      0 |      0 |    698 |   1 |  965.0 |
               +--------+--------+--------+--------+--------+-----+--------+

Top non-repeatable levels by time:
     D:1: 984 daAuts
   Sewer: 965 daAuts
     D:2: 857 daAuts
     D:3: 526 daAuts
 Abyss:1: 95 daAuts
     D:4: 66 daAuts
